 Dungeon Crawl Stone Soup version 0.28-a0-1510-gd0f6b136d3 (webtiles) character file.

Game seed: 7343573146313994015

2116 psuckher the Chopper (level 9, -7/49 HPs)
             Began as a Gargoyle Berserker on Jan 14, 2022.
             Was an Elder of Trog.
             Mangled by an orc warrior (9 damage)
             ... on level 7 of the Dungeon.
             The game lasted 00:46:05 (7764 turns).

psuckher the Chopper (Gargoyle Berserker)           Turns: 7764, Time: 00:46:07

Health: -7/49      AC: 18    Str: 24    XL:     9   Next: 29%
Magic:  9/9        EV: 13    Int:  9    God:    Trog [****..]
Gold:   275        SH:  0    Dex:  9    Spells: 8/8 levels left

rFire   . . .      SeeInvis .   e - +3 hand axe (venom)
rCold   + . .      Faith    .   (no shield)
rNeg    + . .      Spirit   .   t - +0 chain mail
rPois   ∞          Reflect  .   m - +0 helmet
rElec   +          Harm     .   (no cloak)
rCorr   .          Rampage  .   (no gloves)
Will    .....                   h - +0 pair of boots
Stlth   ..........              A - amulet of regeneration
HPRegen 0.96/turn               k - ring of protection from cold
MPRegen 0.11/turn               u - +4 ring of evasion

@: on berserk cooldown
A: sickness immunity, AC +6, negative energy resistance 1, electricity
resistance, torment resistance 1, petrification resistance, hooves 1, frail 1
a: Renounce Religion, Berserk, Trog's Hand, Brothers in Arms


You were on level 7 of the Dungeon.
You worshipped Trog.
Trog was greatly pleased with you.
You visited 1 branch of the dungeon, and saw 7 of its levels.
You also visited: Ossuary.

You collected 275 gold pieces.

Inventory:

Hand Weapons
 a - a +0 mace
 e - a +3 hand axe of venom (weapon)
 f - a +4 dagger of venom
 v - a +2 flail of venom
 B - the +4 flail of Invincibility {flame, rF+ rC+ Will- Stlth+}
   (You found it on level 4 of the Dungeon)

   It burns those it strikes, dealing additional fire damage.
   rF:        It protects you from fire.
   rC:        It protects you from cold.
   Will:      It decreases your willpower.
   Stlth:     It makes you more stealthy.
 F - a +0 hunting sling of flaming
 K - a +4 short sword
Missiles
 d - 83 bolts
 g - a throwing net (quivered)
Armour
 b - a +0 animal skin
 h - a +0 pair of boots (worn)
 l - an orb of guile
 m - a +0 helmet (worn)
 t - a +0 chain mail (worn)
 H - the +2 robe of Hepliaklqana {rPois rCorr MP-9}
   (You found it on level 5 of the Dungeon)

   rPois:     It protects you from poison.
   MP:        It affects your magic capacity (-9).
   rCorr:     It protects you from acid and corrosion.
Magical Staves
 j - a staff of air
 D - a staff of conjuration
Jewellery
 k - a ring of protection from cold (left hand)
 u - a +4 ring of evasion (right hand)
 A - an amulet of regeneration (around neck)
Wands
 C - a wand of polymorph (9)
 L - a wand of paralysis (8)
Scrolls
 i - 4 scrolls of identify
 n - a scroll of magic mapping
 o - a scroll of brand weapon
 p - a scroll of fear
 q - a scroll of blinking
 r - 3 scrolls of acquirement
 y - a scroll of noise
 G - a scroll of fog
 I - a scroll of vulnerability
 M - 2 scrolls of enchant weapon {unknown}
 O - 2 scrolls of amnesia {unknown}
 P - a scroll of enchant armour {unknown}
 Q - 2 scrolls of teleportation
Potions
 c - a potion of ambrosia {unknown}
 s - a potion of attraction {unknown}
 w - 2 potions of degeneration {unknown}
 x - 3 potions of might {unknown}
 z - a potion of flight {unknown}
 N - a potion of cancellation
 R - a potion of curing {unknown}


   Skills:
 + Level 6.0 Fighting
 + Level 7.7(8.0) Axes
 + Level 3.5(6.4) Maces & Flails
 + Level 5.6 Armour
 + Level 3.8 Dodging
 + Level 2.0 Stealth


You had 8 spell levels left.
You didn't know any spells.
Your spell library contained the following spells:

 Spells                   Type           Power      Damage    Failure   Level
 Wereblood                Tmut           0%         N/A       99%         2
 Summon Hydra             Summ           0%         N/A       100%        7
 Sublimation of Blood     Necr           Unusable   N/A       N/A         2

Dungeon Overview and Level Annotations

Branches:
Dungeon (7/15)             Temple (0/1) D:6         Ossuary (visited)

Altars:

Shops:
D:3 (


Innate Abilities, Weirdness & Mutations

You are immune to sickness and miasma.
Your stone body is resilient. (AC +6)
You are immune to poison.
You resist negative energy. (rN+)
You are resistant to electric shocks. (rElec)
You are resistant to unholy torment.
You are immune to petrification.
You have large cloven feet.
You are frail. (-10% HP)


Message History

You feel yourself slow down.
The wight hits you from afar with a +4 halberd of freezing!
* * * LOW HITPOINT WARNING * * *
The wight freezes you.
* * * LOW HITPOINT WARNING * * *
Items here: ))) [[.
You feel much better. The white imp hits you. The white imp freezes you.
You resist.
The orc priest begins to cast a cantrip, but forgets the words!
The wight hits you from afar with a +4 halberd of freezing.
The white imp summons a swarm of flies.
The white imp gestures at you.
The puff of frost hits you but does no damage.
The orc priest barely misses you.
You hit the white imp.
You kill the white imp!
Trog accepts your kill.
You hit the orc priest.
The orc priest is poisoned.
The orc warrior hits you from afar with a +0 glaive!
The wight closely misses you. The orc priest barely misses you.
The orc warrior hits you from afar with a +0 glaive!
* * * LOW HITPOINT WARNING * * *
It was a potion of cancellation.
Your magical effects are unravelling.
You feel magically purged.
You feel yourself speed up. The wight barely misses you.
The orc wizard closely misses you.
The orc priest calls down the wrath of Beogh upon you.
Pain shoots through your body!
* * * LOW HITPOINT WARNING * * *
The orc warrior hits you but does no damage.
The wight closely misses you. The orc wizard casts a spell at you.
The magic dart hits you but does no damage.
It was a potion of mutation.
You feel extremely strange.
You feel clever.
You feel stupid.
You feel frail.
Your feet thicken and deform.
The orc priest mumbles some strange prayers to Beogh against you.
You struggle to resist.
The orc warrior hits you from afar with a +0 glaive!
You die...

..5. ...[..
...8..#########
..............+
.....n........#
#..... #<.#
#.....##).##+###
.......†o)......
......o@))......
......##.z##..##
#..... #o.# ..#
#.... #...# ..o
..... #...+ P.
.... #...# ....
#...# #..##


You could see an orc warrior, a wight, an orc priest (very poisoned) and an orc
wizard.

Vanquished Creatures
  An ice beast (D:6)
  An orc warrior (D:7)
  A sky beast (D:4)
  A black bear (D:4)
  4 necrophages
  An ogre (D:4)
  An elf zombie (Ossuary)
  2 kobold brigands (D:6)
  Blork the orc (D:4)
  2 wights (D:7)
  2 bullfrog zombies
  3 human zombies (Ossuary)
  3 jellies
  2 centaur zombies (Ossuary)
  A bullfrog skeleton (D:6)
  3 orc priests
  4 iguanas
  5 orc wizards
  A hound zombie (D:5)
  2 mummies (Ossuary)
  9 adders
  3 gnolls (D:4)
  A white imp (D:7)
  An ufetubus (D:5)
  2 adder zombies (Ossuary)
  2 worms (D:2)
  A dart slug (D:5)
  17 orcs
  4 ball pythons
  5 endoplasms
  5 giant cockroaches
  3 goblins
  5 hobgoblins
  8 jackals
  5 quokkas
  8 bats
  4 frilled lizards
  6 hobgoblin zombies (Ossuary)
  11 kobolds
  10 kobold zombies (Ossuary)
  10 orc zombies (Ossuary)
  5 rats
  2 rat zombies (Ossuary)
168 creatures vanquished.

Vanquished Creatures (others)
  8 plants (D:1)
  A withered plant (D:7)
9 creatures vanquished.

Grand Total: 177 creatures vanquished

Notes
Turn   | Place    | Note
-------+----------+-------------------------------------------
     0 | D:1      | psuckher the Gargoyle Berserker began the quest for the
                  | Orb.
     0 | D:1      | Reached XP level 1. HP: 14/14 MP: 1/1
   150 | D:1      | Reached XP level 2. HP: 15/19 MP: 2/2
   578 | D:1      | Found a faded altar of an unknown god.
  1272 | D:2      | Reached XP level 3. HP: 24/24 MP: 3/3
  1667 | D:2      | Reached skill level 1 in Stealth
  1668 | D:2      | Reached XP level 4. HP: 29/29 MP: 4/4
  1779 | D:2      | Reached ** piety under Trog
  2436 | D:3      | Reached skill level 1 in Axes
  2436 | D:3      | Reached XP level 5. HP: 20/33 MP: 5/5
  2601 | D:3      | Reached skill level 2 in Axes
  2983 | D:3      | Found Qeukout's Weapon Shoppe.
  3377 | D:4      | Reached XP level 6. HP: 39/39 MP: 6/6
  3743 | D:4      | Noticed a black bear
  3751 | D:4      | Killed a black bear
  3752 | D:4      | Reached skill level 3 in Axes
  3858 | D:4      | Noticed a necrophage
  3875 | D:4      | Killed a necrophage
  3876 | D:4      | Reached XP level 7. HP: 43/44 MP: 7/7
  4189 | D:4      | Reached skill level 5 in Fighting
  4189 | D:4      | Reached skill level 4 in Axes
  4277 | D:4      | Identified the +4 flail of Invincibility {flame, rF+ rC+
                  | Will- Stlth+}
  4431 | D:4      | Noticed Blork the orc
  4440 | D:4      | Killed Blork the orc
  4441 | D:4      | Reached XP level 8. HP: 41/49 MP: 8/8
  4736 | D:5      | Entered Level 5 of the Dungeon
  4857 | D:5      | Reached skill level 5 in Axes
  5218 | D:5      | Identified the +2 robe of Hepliaklqana {rPois rCorr MP-9}
  5910 | D:6      | Reached *** piety under Trog
  5967 | D:6      | Identified 3 scrolls of acquirement
  6006 | D:6      | Reached skill level 6 in Axes
  6264 | D:6      | Found a sand-covered staircase.
  6335 | Ossuary  | Entered an ossuary
  6429 | Ossuary  | Reached **** piety under Trog
  6430 | Ossuary  | Reached skill level 5 in Armour
  6834 | D:6      | Reached XP level 9. HP: 55/55 MP: 9/9
  7372 | D:6      | Found a staircase to the Ecumenical Temple.
  7749 | D:7      | Reached skill level 7 in Axes
  7762 | D:7      | HP: 2/55 [orc warrior (17)]
  7764 | D:7      | Gained mutation: Your mind is acute. (Int +2) [potion of
                  | mutation]
  7764 | D:7      | Lost mutation: Your mind is acute. (Int +2) [potion of
                  | mutation]
  7764 | D:7      | Gained mutation: You are frail. (-10% HP) [potion of
                  | mutation]
  7764 | D:7      | Gained mutation: You have large cloven feet. [potion of
                  | mutation]
  7764 | D:7      | Mangled by an orc warrior

Illustrated notes

Levels and vault maps discovered:
D:1:      lightli_arrival_statuegarden, layout_basic,
          chequers_ecumenical_altar_island
D:2:      minmay_wonky_spiral, layout_basic
D:3:      layout_basic, serial_shops, shop
D:4:      layout_gridville, item_on_display_a, uniq_blork_the_orc
D:5:      layout_gridville, minmay_misc_feat_tower
D:6:      layout_layer_cave, minmay_temple_entry_from_below_b,
          nicolae_ossuary_entry_ruins
D:7:      layout_gridville, serial_undead, serial_undead_b, serial_undead_d,
          serial_undead_b, serial_undead_a

Skill      XL: |  1  2  3  4  5  6  7  8  9 |
---------------+----------------------------+-----
Dodging        | 2 3 |  3.8
Stealth        | 1 2 |  2.0
Fighting       | 4 5 6 |  6.0
Axes           | 1 2 3 4 6 7 |  7.7
Armour         | 3 5 |  5.6
Maces & Flails | |  3.5

Action                   |  1- 3 |  4- 6 |  7- 9 || total
-------------------------+-------+-------+-------++-------
Melee: Mace              |    63 |       |       ||    63
       Hand axe          |    31 |   103 |   282 ||   416
       Punch             |       |       |     9 ||     9
Invok: Berserk           |       |     5 |     3 ||     8
  Use: Scroll            |     4 |     1 |     6 ||    11
       Potion            |       |     2 |     3 ||     5
Armor: Animal skin       |    42 |    34 |       ||    76
       Chain mail        |       |    21 |   157 ||   178
Dodge: Dodged            |    74 |    90 |   166 ||   330

Table legend: (Time is in decaauts)
 A = Elapsed time spent in this place.
 B = Non-inter-level travel time spent in this place.
 C = Inter-level travel time spent in this place.
 D = Time resting spent in this place.
 E = Time spent auto-exploring this place.
 F = Levels seen in this place.
 G = Mean time per level.
                   A        B        C        D        E       F      G
               +--------+--------+--------+--------+--------+-----+--------+
         Total |   7869 |   7509 |    360 |      0 |     17 |   8 |  983.6 |
       Dungeon |   7525 |   7165 |    360 |      0 |     17 |   7 | 1075.0 |
       Ossuary |    343 |    343 |      0 |      0 |      0 |   1 |  343.0 |
               +--------+--------+--------+--------+--------+-----+--------+

Top non-repeatable levels by time:
     D:6: 1565 daAuts
     D:4: 1473 daAuts
     D:1: 1248 daAuts
     D:2: 1213 daAuts
     D:5: 1095 daAuts
     D:3: 905 daAuts
 Ossuary: 343 daAuts
     D:7: 23 daAuts
